 Dungeon Crawl Stone Soup version 0.25-a0-734-g73332aeda9 (webtiles) character file.

Game seed: 16034762923556565691, levelgen mode: deterministic

739 kae the Conjurer (level 7, -1/41 HPs)
             Began as a Tengu Air Elementalist on Apr 10, 2020.
             Was an Initiate of Vehumet.
             Slain by a water moccasin (7 damage)
             ... on level 5 of the Dungeon.
             The game lasted 00:04:40 (5610 turns).

kae the Conjurer (Tengu Air Elementalist)           Turns: 5610, Time: 00:04:40

Health: -1/41      AC:  3    Str:  9    XL:     7   Next: 75%
Magic:  1/13       EV: 15    Int: 17    God:    Vehumet [......]
Gold:   266        SH:  0    Dex: 14    Spells: 0/13 levels left

rFire    . . .     SeeInvis .   e - +3 short sword (venom)
rCold    + . .     Gourm    .   (no shield)
rNeg     . . .     Faith    .   a - +0 robe
rPois    .         Spirit   .   (helmet restricted)
rElec    .         Reflect  .   g - +0 cloak
rCorr    .         Harm     .   (no gloves)
MR       .....                  (boots unavailable)
Stlth    ++........             (no amulet)
HPRegen  0.13/turn              n - ring of protection from cold
MPRegen  0.13/turn              p - +3 ring of slaying

@: flying quickly and evasively, very slightly contaminated, quick
A: beak, talons 3, able to fly
a: Stop Flying, Renounce Religion


You were on level 5 of the Dungeon.
You worshipped Vehumet.
Vehumet was noncommittal.
You were not hungry.

You visited 2 branches of the dungeon, and saw 6 of its levels.

You collected 266 gold pieces.

Inventory:

Hand Weapons
 b - a +0 dagger of speed
 e - a +3 short sword of venom (weapon)
Armour
 a - a +0 robe (worn)
 g - a +0 cloak (worn)
Jewellery
 i - the amulet of the Enemy {Faith +Fly}
   (You found it on level 4 of the Dungeon)

   [amulet of faith]

   It allows you to gain divine favour quickly.
   It lets you fly.
 n - a ring of protection from cold (left hand)
 p - a +3 ring of slaying (right hand)
Scrolls
 d - a scroll of enchant weapon
 f - 2 scrolls of identify
 h - a scroll of teleportation
 l - a scroll of remove curse
Potions
 j - a potion of mutation {unknown}
 k - a potion of brilliance
Comestibles
 c - 6 rations


   Skills:
 + Level 3.4 Fighting
 - Level 2.1 Dodging
 - Level 2.0 Stealth
 + Level 3.8 Spellcasting
 * Level 6.9 Conjurations
 + Level 6.3 Air Magic


You couldn't memorise any spells.
You knew the following spells:

 Your Spells              Type           Power        Failure   Level  Hunger
a - Shock                 Conj/Air       ####         1%          1    None
b - Static Discharge      Conj/Air       ####....     3%          3    ###....
c - Airstrike             Air            ###.......   12%         4    ####...
d - Lightning Bolt        Conj/Air       ####......   28%         5    ######.

Your spell library contained the following spells:

 Spells                   Type           Power        Failure   Level  Hunger
 Swiftness                Chrm/Air       ##......     7%          2    ##.....


Dungeon Overview and Level Annotations

Branches:
Dungeon (5/15)             Temple (1/1) D:4

Altars:
Ashenzari
Cheibriados
Dithmenos
Elyvilon
Fedhas
Gozag
Kikubaaqudgha
Makhleb
Nemelex Xobeh
Okawaru
Qazlal
Ru
Sif Muna
Trog
Uskayaw
Vehumet
Wu Jian
Xom
Yredelemnul
Zin
The Shining One


Innate Abilities, Weirdness & Mutations

You have a beak for a mouth.
You have claws for feet.
You can fly continuously.


Message History

Aiming: Airstrike (safe; 12% risk of failure)
Press: ? - help, Dir - move target cursor, f/p - water moccasin
Aim: a water moccasin (moderately wounded)
The air twists around and strikes the water moccasin!
The water moccasin is severely wounded.
The water moccasin bites you!
Casting: Airstrike (safe; 12% risk of failure)
Confirm with . or Enter, or press ? or * to list all spells.
Aiming: Airstrike (safe; 12% risk of failure)
Press: ? - help, Dir - move target cursor, f/p - water moccasin
Aim: a water moccasin (severely wounded)
You miscast Airstrike.
You are very lightly contaminated with residual magic.
You feel a strange surge of energy! The water moccasin closely misses you.
You miss the water moccasin.
The water moccasin is severely wounded.
The water moccasin bites you!
* * * LOW HITPOINT WARNING * * *
The water moccasin bites you!
You die...

.#,,,,,,*****,***
.#,,,.,,,,,,,,,,*
.#,,..*,,,,,,,*,*
.*,...*********,*
##....,,,,,,,,,,*
.....#******#####
......,,,,,,,...#
###############.###
...............)@.#
.........######.#S#
##.#####.##$....#.#
,#.#
#.####.###.#***
.#.#***#.#
#.>,,..,,*
.#..,,,..#
#****##*,**
,###***###
*,,********* ,*,,,*
**,,,,,,,,,* ,*,*,*
*,,,,,,≈,≈*


You could see a water moccasin.

Vanquished Creatures
  A scorpion (D:4)
  4 orc priests
  A hound (D:5)
  5 orc wizards
  An iguana (D:4)
  5 worker ants
  A hound skeleton (D:4)
  3 gnolls (D:3)
  10 adders
  A howler monkey skeleton (D:4)
  An adder skeleton (D:4)
  4 dart slugs
  2 leopard geckos
  23 orcs
  3 bats
  A giant cockroach (D:3)
  8 goblins
  5 hobgoblins
  2 jackals (D:1)
  10 kobolds
  4 frilled lizards (D:1)
  11 rats
106 creatures vanquished.

Notes
Turn   | Place    | Note
-------+----------+-------------------------------------------
     0 | D:1      | kae the Tengu Air Elementalist began the quest for the Orb.
     0 | D:1      | Reached XP level 1. HP: 10/10 MP: 4/4
   348 | D:1      | Reached XP level 2. HP: 16/16 MP: 3/6
  1197 | D:1      | Reached XP level 3. HP: 20/20 MP: 7/7
  1332 | D:1      | Reached skill level 1 in Fighting
  1614 | D:2      | Reached XP level 4. HP: 19/25 MP: 2/8
  1665 | D:2      | Learned a level 3 spell: Static Discharge
  2217 | D:3      | Gained mutation: You can fly continuously. [Tengu growth]
  2217 | D:3      | Reached XP level 5. HP: 22/30 MP: 3/10
  2763 | D:3      | Reached skill level 5 in Air Magic
  3029 | D:3      | Reached XP level 6. HP: 35/35 MP: 11/11
  3174 | D:4      | Reached skill level 5 in Conjurations
  4153 | D:4      | Got a faintly glowing brass amulet
  4267 | D:4      | Reached XP level 7. HP: 36/40 MP: 8/13
  4474 | D:4      | Found a staircase to the Ecumenical Temple.
  5117 | Temple   | Entered the Ecumenical Temple
  5300 | Temple   | Became a worshipper of Vehumet
  5366 | D:5      | Entered Level 5 of the Dungeon
  5406 | D:5      | Identified the amulet of the Enemy {Faith +Fly} (You found
                  | it on level 4 of the Dungeon)
  5600 | D:5      | Learned a level 4 spell: Airstrike
  5606 | D:5      | Learned a level 5 spell: Lightning Bolt
  5610 | D:5      | Slain by a water moccasin

Levels and vault maps discovered:
D:1:      minmay_arrival_diagonal_passages, layout_basic,
          hangedman_decor_riveting
D:2:      layout_rooms, first_ration
D:3:      layout_loops_cross
D:4:      layout_layer_cave, temple_pool_b
D:5:      layout_basic, portal_sewer_entry_e
Temple:   minmay_crystal_snake_temple

Skill      XL: |  1  2  3  4  5  6  7 |
---------------+----------------------+-----
Conjurations   | 2 3 4 6 |  6.9
Fighting       | 1 2 3 |  3.4
Air Magic      | 5 6 |  6.3
Spellcasting   | 3 |  3.8
Dodging        | |  2.1
Stealth        | |  2.0

Action                   |  1- 3 |  4- 6 |  7- 9 || total
-------------------------+-------+-------+-------++-------
Melee: Unarmed           |     5 |       |       ||     5
       Kick              |    10 |    12 |     4 ||    26
       Dagger            |    12 |       |       ||    12
       Short sword       |    22 |    63 |    24 ||   109
       Peck              |     7 |     9 |     2 ||    18
 Cast: Shock             |    25 |    89 |    48 ||   162
       Airstrike         |       |       |     2 ||     2
 Abil: Fly               |       |     1 |       ||     1
  Use: Potion            |       |     3 |     1 ||     4
       Scroll            |       |       |     9 ||     9
 Stab: Sleeping          |       |     3 |     1 ||     4
  Eat: Chunk             |     2 |     9 |     4 ||    15
Armor: Robe              |     9 |    10 |     6 ||    25
       Skin              |       |    11 |       ||    11
Dodge: Dodged            |    33 |    37 |    20 ||    90

Table legend:
 A = Non-vault XP
 B = Vault XP
 C = Vault XP percentage of total XP
 D = Non-vault monster count
 E = Vault monster count
 F = Vault count percentage of total count
                 A         B        C        D         E       F
            +---------+---------+-------+---------+---------+-------
      Total |    1057 |       0 |   0.0 |     106 |       0 |   0.0
            +---------+---------+-------+---------+---------+-------
        D:1 |      45 |       0 |   0.0 |      29 |       0 |   0.0
        D:2 |      84 |       0 |   0.0 |      14 |       0 |   0.0
        D:3 |     192 |       0 |   0.0 |      24 |       0 |   0.0
        D:4 |     555 |       0 |   0.0 |      25 |       0 |   0.0
        D:5 |     181 |       0 |   0.0 |      14 |       0 |   0.0
            +---------+---------+-------+---------+---------+-------
